 Dungeon Sprint DCSS version 0.30-a0-1066-g63dfefce0d (webtiles) character file.

Game seed: 15528337756436941211

48 dduke234 the Basher (level 5, 0/38 HPs)
             Began as a Gargoyle Monk on Apr 12, 2023.
             Was an Initiate of Gozag.
             Killed from afar by a rime drake (18 damage)
             ... with an icy flash freeze
             ... in the Dungeon (Sprint VI: "Thunderdome").
             The game lasted 00:05:14 (401 turns).

dduke234 the Basher (Gargoyle Monk)                  Turns: 401, Time: 00:05:14

Health: 0/38       AC:  6    Str: 21    XL:     5   Next: 85%
Magic:  5/5        EV: 12    Int: 17    God:    Gozag
Gold:   325        SH:  0    Dex: 12    Spells: 4/4 levels left

rFire   + . .      SeeInvis .    s - +2 mace (heavy)
rCold   . . .      Faith    .    d - orb {light}
rNeg    + + +      Spirit   .    b - +0 robe
rPois   ∞          Reflect  .    (no helmet)
rElec   +          Rampage  .    (no cloak)
rCorr   .          NoTele   +    (no gloves)
Will    .....                    (no boots)
Stlth   +                        q - amulet of the Coward {Regen+ Str+5}
HPRegen 1.06/turn                p - ring "Ydualeo" {rPois rF+ rN++ Int+6}
MPRegen 0.09/turn                o - ring of the Garden {rPois Slay+3}

@: glowing
A: sickness immunity, AC +4, negative energy resistance 1, electricity
resistance, torment resistance 1, petrification resistance
a: Renounce Religion, Potion Petition, Call Merchant, Bribe Branch


You were in the Dungeon.
You worshipped Gozag.
Gozag was aware of your devotion.
You visited 1 branch You collected 1027 gold pieces.
You spent 702 gold pieces at shops.

Inventory:

Hand Weapons
 a - a +0 mace
 s - a +2 heavy mace (weapon)
Armour
 b - a +0 robe (worn)
 d - an orb of light (worn)
Jewellery
 o - the ring of the Garden (right hand) {rPois Slay+3}
   (You bought it in a shop in the Dungeon)

   [ring of poison resistance]

   Slay:      It affects your accuracy & damage with ranged weapons and melee
   (+3).
   rPois:     It protects you from poison.
 p - the ring "Ydualeo" (left hand) {rPois rF+ rN++ Int+6}
   (You bought it in a shop in the Dungeon)

   [ring of protection from fire]

   Int:       It affects your intelligence (+6).
   rF:        It protects you from fire.
   rPois:     It protects you from poison.
   rN:        It greatly protects you from negative energy.
 q - the amulet of the Coward (around neck) {Regen+ Str+5}
   (You bought it in a shop in the Dungeon)

   [amulet of regeneration]

   Str:       It affects your strength (+5).
   Regen:     It increases your rate of health regeneration.
 r - the ring of Aviyluyr {Fire +Blink}
   (You bought it in a shop in the Dungeon)

   [ring of fire]

   It enhances your fire magic.
   rF:        It protects you from fire.
   rC:        It makes you vulnerable to cold.
   +Blink:    It lets you blink.
Wands
 l - a wand of quicksilver (5)
 m - a wand of roots (5)
Scrolls
 j - 4 scrolls of blinking
 n - 3 scrolls of fog
Potions
 c - a potion of ambrosia
 e - a potion of curing
 f - 4 potions of heal wounds
 g - 4 potions of haste
 h - 2 potions of magic
 i - a potion of berserk rage
 k - a potion of resistance


   Skills:
 * Level 7.2 Fighting
 * Level 8.9 Maces & Flails
 * Level 4.2 Armour
 - Level 2.4 Dodging
 * Level 5.0 Stealth


You had 4 spell levels left.
You didn't know any spells.
Your spell library was empty.

Dungeon Overview and Level Annotations

Branches:
Dungeon (1/1)

Altars:
Cheibriados
Dithmenos
Fedhas
Gozag
Kikubaaqudgha
Makhleb
Okawaru
Qazlal
Ru
Sif Muna
Trog
Uskayaw
Vehumet
Wu Jian
Xom
Yredelemnul
Zin
The Shining One
Lugonu

Shops:
D *[??*?*:[((!!!!


Innate Abilities, Weirdness & Mutations

You are immune to sickness and miasma.
Your stone body is resilient. (AC +4)
You are immune to poison.
You resist negative energy. (rN+)
You are resistant to electric shocks. (rElec)
You are resistant to unholy torment.
You are immune to petrification.


Message History

Your Stealth skill increases to level 5!
You now have 325 gold pieces (gained 153).
A rime drake comes into view.
A quokka simulacrum comes into view.
The rime drake hisses angrily.
An ice beast comes into view.
You hit the rime drake.
The rime drake is lightly wounded.
The rime drake bites you.
You barely miss the rime drake.
The rime drake is lightly wounded.
The rime drake bites you but does no damage.
The rime drake bites you.
You hit the rime drake.
The rime drake is moderately wounded. 50...
The rime drake breathes ice at you. The icy flash freeze hits you.
You are encased in ice.
The rime drake bites you but does no damage.
You sock the rime drake!
The rime drake is heavily wounded.
The rime drake closely misses you. The rime drake bites you.
You closely miss the rime drake.
The rime drake is heavily wounded.
The ice beast barely misses you. The rime drake barely misses you.
The ice beast hits you. The ice beast freezes you!
You sock the rime drake!
The rime drake is almost dead.
The ice encasing you melts away. The rime drake barely misses you.
The ice beast hits you but does no damage.
The quokka simulacrum bites you but does no damage.
The rime drake closely misses you.
You barely miss the rime drake.
The rime drake is almost dead.
The rime drake breathes ice at you. The icy flash freeze hits you!!
You die...
Your body crumbles into a pile of gold.

#_k.......# ###.........###
#⌠........[..⌠#
######.8.......[.8.####
##..__....).###.)....___
###∩........8.# #.8.......
##.........)...###.........
#⌠........kY###...###......
#⌠........@.# #.<.# #......
#⌠........Z.###...###......
##.............###.........
###∩........8.# #.8.......
##∩___......###......___
######.8.........8.####
#⌠...........⌠#
###.........### #.........#


You could see a rime drake (catching breath), an ice beast and a quokka
simulacrum.

Vanquished Creatures
  An ice beast (D)
  Crazy Yiuf (D)
  2 gnoll boudas (D)
  2 gnolls (D)
  An adder (D)
  An adder simulacrum (D)
  2 endoplasms (D)
  A hobgoblin (D)
  A kobold (D)
12 creatures vanquished.

Notes
Turn   | Place    | Note
-------+----------+-------------------------------------------
     0 | D        | dduke234 the Gargoyle Monk began the quest for the Orb.
     0 | D        | Reached XP level 1. HP: 14/14 MP: 1/1
     1 | D        | Found a burning altar of Makhleb.
     2 | D        | Found a corrupted altar of Lugonu.
     2 | D        | Found a basalt altar of Yredelemnul.
     3 | D        | Found a bloodstained altar of Trog.
     4 | D        | Found Cauxtu's Identification Station.
     4 | D        | Found a radiant altar of Vehumet.
     4 | D        | Found an ornate altar of the Wu Jian Council.
     5 | D        | Found Ihene's Advanced Armour.
     5 | D        | Found Coize's Jewellery.
     5 | D        | Round 1.
     6 | D        | Found a glowing silver altar of Zin.
     7 | D        | Found a hide-covered altar of Uskayaw.
     7 | D        | Found an iron altar of Okawaru.
     7 | D        | Found Ixtox's Premium Goods.
     7 | D        | Found Fiotzeus's Weapon Rack.
     8 | D        | Found Feown's Miscellaneous Merchandise.
     8 | D        | Found Daustrae's Basic Armour.
    11 | D        | Found a shimmering altar of Xom.
    12 | D        | Found a shadowy altar of Dithmenos.
    13 | D        | Found a blossoming altar of Fedhas.
    14 | D        | Found Hedwaih's Do-It-Yourself Clinic.
    16 | D        | Found Loeckomn's Bottled Wisdom.
    16 | D        | Found Hakhlent's Distillery.
    17 | D        | Found a snail-covered altar of Cheibriados.
    17 | D        | Found a stormy altar of Qazlal.
    17 | D        | Found Tukluopte's Distillery.
    25 | D        | Found an ancient bone altar of Kikubaaqudgha.
    27 | D        | Found an opulent altar of Gozag.
    29 | D        | Found Oqovouv's Staff Store.
    30 | D        | Found a glowing golden altar of the Shining One.
    30 | D        | Found a shimmering blue altar of Sif Muna.
    30 | D        | Found a sacrificial altar of Ru.
    30 | D        | Found Oppu's Magic Scroll Shop.
    32 | D        | Found Ukaumn's Must-Have Magic.
    32 | D        | Found Zuthriulytz's Magic Scroll Shop.
    40 | D        | Became a worshipper of Gozag Ym Sagoz the Greedy
    86 | D        | Reached skill level 1 in Armour
    89 | D        | Arena points: 12 (+12) [x2]
    90 | D        | Reached skill level 4 in Maces & Flails
    90 | D        | Reached XP level 2. HP: 20/20 MP: 2/2
   115 | D        | Bought a coiled jade ring for 45 gold pieces
   115 | D        | Identified the ring of the Garden {rPois Slay+3} (You
                  | bought it in a shop in the Dungeon)
   115 | D        | Bought an ancient iron ring for 45 gold pieces
   115 | D        | Identified the ring "Ydualeo" {rPois rF+ rN++ Int+6} (You
                  | bought it in a shop in the Dungeon)
   115 | D        | Bought a faintly glowing copper amulet for 45 gold pieces
   115 | D        | Identified the amulet of the Coward {Regen+ Str+5} (You
                  | bought it in a shop in the Dungeon)
   115 | D        | Bought a brightly glowing ivory ring for 45 gold pieces
   115 | D        | Identified the ring of Aviyluyr {Fire +Blink} (You bought
                  | it in a shop in the Dungeon)
   146 | D        | Round 2.
   170 | D        | Noticed Crazy Yiuf
   178 | D        | Killed Crazy Yiuf
   179 | D        | Reached skill level 5 in Fighting
   179 | D        | Reached skill level 5 in Maces & Flails
   179 | D        | Reached XP level 3. HP: 20/26 MP: 3/3
   188 | D        | Reached skill level 6 in Maces & Flails
   188 | D        | Reached XP level 4. HP: 28/32 MP: 4/4
   296 | D        | Arena points: 48 (+36) [x3]
   297 | D        | Reached skill level 7 in Maces & Flails
   297 | D        | Reached XP level 5. HP: 35/36 MP: 5/5
   335 | D        | Round 3.
   354 | D        | Bought a +2 heavy mace for 522 gold pieces
   373 | D        | Noticed an ice beast
   383 | D        | Killed an ice beast
   384 | D        | Reached skill level 8 in Maces & Flails
   384 | D        | Reached skill level 5 in Stealth
   386 | D        | Noticed a rime drake
   392 | D        | Noticed an ice beast
   401 | D        | Killed from afar by a rime drake

Illustrated notes

Levels and vault maps discovered:
D:        arena_sprint

Skill      XL: |  1  2  3  4  5 |
---------------+----------------+-----
Armour         | 1 2 3 4 |  4.2
Fighting       | 4 5 6 7 |  7.2
Maces & Flails | 4 5 6 7 8 |  8.9
Stealth        | 3 4 5 |  5.0
Dodging        | |  2.4

Action                     |  1- 3 |  4- 6 || total
---------------------------+-------+-------++-------
  Melee: Mace              |    25 |    23 ||    48
 Armour: Robe              |     2 |     6 ||     8
  Dodge: Dodged            |    18 |    13 ||    31

Table legend: (Time is in decaauts)
 A = Elapsed time spent in this place.
 B = Non-inter-level travel time spent in this place.
 C = Inter-level travel time spent in this place.
 D = Time resting spent in this place.
 E = Time spent auto-exploring this place.
 F = Levels seen in this place.
 G = Mean time per level.
                   A        B        C        D        E       F      G
               +--------+--------+--------+--------+--------+-----+--------+
         Total |    410 |    398 |     12 |      0 |      0 |   1 |  410.0 |
       Dungeon |    410 |    398 |     12 |      0 |      0 |   1 |  410.0 |
               +--------+--------+--------+--------+--------+-----+--------+

Top non-repeatable levels by time:
       D: 410 daAuts
